 Dungeon Crawl Stone Soup version 0.29-a0-584-gb10a8bf730 (webtiles) character file.

Game seed: 712387910025941549

74 Bruhh the Magician (level 4, -2/24 HPs)
             Began as a Djinni Fire Elementalist on June 15, 2022.
             Slain by an orc priest
             ... wielding a +0 flail
              (6 damage)
             ... on level 4 of the Dungeon.
             The game lasted 00:01:44 (2463 turns).

Bruhh the Magician (Djinni Fire Elementalist)       Turns: 2463, Time: 00:01:45

Health: -2/24      AC:  3    Str:  7    XL:     4   Next: 54%
Gold:   57         EV: 11    Int: 19    God:
                   SH:  0    Dex: 13

rFire   + + .      SeeInvis .   c - +1 long sword (vorpal)
rCold   x . .      Faith    .   (no shield)
rNeg    . . .      Spirit   .   g - +0 leather armour
rPois   ∞          Reflect  .   (no helmet)
rElec   .          Harm     .   (no cloak)
rCorr   .          Rampage  .   (no gloves)
Will    .....      Clarity  +   (boots unavailable)
Stlth   ++........              (no amulet)
HPRegen 0.08/turn               (no ring)
MPRegen 0.00/turn               (no ring)

@: flying, very slightly contaminated, invisible
A: sickness immunity, fire resistance 2, cold vulnerability 1, float, innate
caster, HP casting, extra vitality 1, clarity, frail 2
a: no special abilities


You were on level 4 of the Dungeon.
You visited 2 branches of the dungeon, and saw 4 of its levels.

You collected 57 gold pieces.

Inventory:

Hand Weapons
 c - a +1 vorpal long sword (weapon)
Armour
 a - a +0 robe
 g - a +0 leather armour (worn)
Scrolls
 b - 5 scrolls of identify {unknown}
 d - a scroll of fear {unknown}
 h - a scroll of brand weapon {unknown}
 i - 3 scrolls of enchant armour {unknown}


   Skills:
 - Level 2.1 Dodging
 - Level 1.5 Stealth
 + Level 3.9 Spellcasting


You couldn't memorise any spells.
You knew the following spells:

 Your Spells              Type           Power      Damage    Failure   Level
a - Foxfire               Conj/Fire      72%        2x1d7     4%          1
b - Scorch                Fire           36%        2d6       6%          2
c - Conjure Flame         Conj/Fire      18%        6-21      12%         3
d - Inner Flame           Hex/Fire       18%        N/A       12%         3
e - Flame Wave            Conj/Fire      18%        2d6       38%         4
f - Freeze                Ice            72%        1d9       4%          1
Your spell library was empty.

Dungeon Overview and Level Annotations

Branches:
Dungeon (4/15)             Temple (1/1) D:4

Altars:
Cheibriados
Dithmenos
Elyvilon
Fedhas
Hepliaklqana
Nemelex Xobeh
Okawaru
Wu Jian
The Shining One


Innate Abilities, Weirdness & Mutations

You are immune to sickness and miasma.
You are immune to poison.
Your flesh is very heat resistant. (rF++)
You are vulnerable to cold. (rC-)
You float through the air rather than walking.
You learn spells naturally, not from books.
Your magical power is your life essence.
You have superior vitality. (+4 MHP)
You possess an exceptional clarity of mind.
You are very frail. (-20% HP)


Message History

Flames lash the orc.
You kill the orc!
The orc priest looks satisfied for a moment.
Unknown command.
Casting: Scorch (safe; 6% risk of failure)
Confirm with . or Enter, or press ? or * to list all spells.
Flames lash the iguana.
The iguana is moderately wounded.
The iguana's fire resistance burns away.
The iguana closely misses you.
Unknown command.
Casting: Scorch (safe; 6% risk of failure)
Confirm with . or Enter, or press ? or * to list all spells.
Okay, then.
Okay, then.
Casting: Scorch (safe; 6% risk of failure)
Confirm with . or Enter, or press ? or * to list all spells.
Flames lash the iguana but do no damage.
* * * LOW HITPOINT WARNING * * *
The iguana bites you.
* * * LOW HITPOINT WARNING * * *
Unknown command.
Unknown command.
Casting: Scorch (safe; 6% risk of failure)
Confirm with . or Enter, or press ? or * to list all spells.
Flames lash the orc priest.
The orc priest is moderately wounded.
The orc priest's fire resistance burns away.
* * * LOW HITPOINT WARNING * * *
The iguana closely misses you.
Unknown command.
It was a potion of mutation.
You feel extremely strange.
You feel frail. x2; Your thoughts seem clearer.
The iguana is no longer more vulnerable to fire.
The orc priest hits you but does no damage.
The iguana bites you but does no damage.
It was a potion of invisibility.
You fade into invisibility!
The orc priest hits you with a +0 flail.
You die...

##...........###..
#......>....## ##.
##..##......## .
#..####...### #
#..# ##### ##..#
#...## ##....##
#...@..# #..ol..#
#....)...#
#.....)...#
#...........#
#............#
#.............#
...<...........


You could see an iguana (can't see you) and an orc priest (can't see you,
combustible).

Vanquished Creatures
  3 adders
  A worm (D:2)
  6 orcs (D:4)
  3 ball pythons
  4 endoplasms (D:1)
  A giant cockroach (D:1)
  2 goblins
  A hobgoblin (D:4)
  3 quokkas (D:1)
  2 bats (D:1)
  5 frilled lizards
  5 kobolds
  4 rats
40 creatures vanquished.

Vanquished Creatures (others)
  29 foxfires (D:1)
29 creatures vanquished.

Grand Total: 69 creatures vanquished

Notes
Turn   | Place    | Note
-------+----------+-------------------------------------------
     0 | D:1      | Bruhh the Djinni Fire Elementalist began the quest for the
                  | Orb.
     0 | D:1      | Reached XP level 1. HP: 15/15 MP: 0/0
   343 | D:1      | Reached XP level 2. HP: 18/21 MP: 0/0
   825 | D:1      | Reached skill level 3 in Spellcasting
  1216 | D:1      | Reached XP level 3. HP: 21/25 MP: 0/0
  1216 | D:1      | Learned a level 1 spell: Freeze
  1802 | D:2      | You are sucked into a shaft and drop 2 floors!
  1835 | D:4      | Reached XP level 4. HP: 26/31 MP: 0/0
  1889 | D:4      | Found a staircase to the Ecumenical Temple.
  1944 | Temple   | Entered the Ecumenical Temple
  2462 | D:4      | Gained mutation: You are frail. (-10% HP) [potion of
                  | mutation]
  2462 | D:4      | Gained mutation: You are very frail. (-20% HP) [potion of
                  | mutation]
  2462 | D:4      | Gained mutation: You possess an exceptional clarity of
                  | mind. [potion of mutation]
  2463 | D:4      | Slain by an orc priest

Illustrated notes

Levels and vault maps discovered:
D:1:      dpeg_arrival_rooms_c, layout_basic, minmay_strange_pillars
D:2:      layout_basic, kennysheep_generic_room_12
D:4:      layout_cave_pods, mainiacjoe_overflow_24_doors, temple_pool_b,
          uniq_duvessa
Temple:   kb_temple_of_zot

Skill      XL: |  1  2 |
---------------+-------+-----
Spellcasting   | 3 |  3.9
Dodging        | |  2.1
Stealth        | |  1.5

Action                   |  1- 3 |  4- 6 || total
-------------------------+-------+-------++-------
Melee: Long sword        |    11 |       ||    11
 Cast: Foxfire           |    16 |       ||    16
       Scorch            |    24 |    14 ||    38
  Use: Potion            |       |     2 ||     2
Armor: Leather armour    |       |     2 ||     2
Dodge: Dodged            |    20 |     4 ||    24

Table legend: (Time is in decaauts)
 A = Elapsed time spent in this place.
 B = Non-inter-level travel time spent in this place.
 C = Inter-level travel time spent in this place.
 D = Time resting spent in this place.
 E = Time spent auto-exploring this place.
 F = Levels seen in this place.
 G = Mean time per level.
                   A        B        C        D        E       F      G
               +--------+--------+--------+--------+--------+-----+--------+
         Total |   2466 |   2367 |     99 |      0 |   2141 |   4 |  616.5 |
       Dungeon |   2262 |   2213 |     49 |      0 |   1996 |   3 |  754.0 |
        Temple |    204 |    154 |     50 |      0 |    145 |   1 |  204.0 |
               +--------+--------+--------+--------+--------+-----+--------+

Top non-repeatable levels by time:
     D:1: 1438 daAuts
     D:4: 456 daAuts
     D:2: 366 daAuts
  Temple: 204 daAuts
